 Seeded DCSS version 0.32-a0-909-gc671339a80 (webtiles) character file.

Game seed: 17073724502869601980 (custom seed)

6720 timneilson the Grappler (level 11, 0/72 HPs)
             Began as an Octopode Shapeshifter on Apr 6, 2024.
             Was an Initiate of Gozag.
             Shot with an arrow by a centaur warrior (28 damage)
             ... on level 9 of the Dungeon.
             The game lasted 00:21:18 (9673 turns).

timneilson the Grappler (Octopode Shapeshifter)     Turns: 9673, Time: 00:21:19

Health: 0/72       AC:  5    Str: 24    XL:     11   Next: 4%
Magic:  11/11      EV: 17    Int: 23    God:    Gozag
Gold:   524        SH:  5    Dex: 20    Spells: 10/10 levels left

rFire   x .          .
                       - Unarmed
rCold   + . .        (no shield)
rNeg    + + +        (helmet currently unavailable)
rPois   +            F - amulet of Ephemeral Luck {Reflect rPois rF- rN++ Dex+3 Slay+3 SH+5}
rElec   .            d - ring "Feirph" {rN+ rCorr Str+6}
rCorr   +            n - ring of see invisible
SInv    +            m - ring of the Yeti {rC+ Int+4 Dex+6}
Will    .....        w - +4 ring of protection
Stlth   +++++        C - +6 ring of intelligence
HPRegen 0.32/turn    (no ring)
MPRegen 0.12/turn    (no ring)
                     (no ring)

%: reflection
@: beast-form
A: beast (slay +4), almost no armour, amphibious, 8 rings, camouflage 1,
gelatinous body 1, (nimble swimmer 1), tentacles
a: Begin Untransformation, Renounce Religion, Potion Petition, Call Merchant,
Bribe Branch


You were on level 9 of the Dungeon.
You worshipped Gozag.
Gozag was pleased with you.
You were a hulking beast.
You visited 2 branches of the dungeon, and saw 10 of its levels.

You collected 1415 gold pieces.
You spent 826 gold pieces at shops.
You paid 65 gold pieces to Gozag.

Inventory:

Missiles
 u - 22 poisoned darts (quivered)
 y - 3 throwing nets
 D - a curare-tipped dart
Armour
 j - a +2 hat
Jewellery
 d - the ring "Feirph" (left tentacle) {rN+ rCorr Str+6}
   (You acquired it on level 1 of the Dungeon)

   [ring of resist corrosion]

   Str+6:     It affects your strength (+6).
   rN+:       It protects you from negative energy.
   rCorr:     It protects you from acid and corrosion.
 m - the ring of the Yeti (on tentacle) {rC+ Int+4 Dex+6}
   (You acquired it on level 4 of the Dungeon)

   [ring of dexterity]

   Int+4:     It affects your intelligence (+4).
   Dex+6:     It affects your dexterity (+6).
   rC+:       It protects you from cold.
 n - a ring of see invisible (right tentacle)
 w - a +4 ring of protection (on tentacle)
 C - a +6 ring of intelligence (on tentacle)
 F - the amulet of Ephemeral Luck (around mantle) {Reflect rPois rF- rN++ Dex+3 Slay+3 SH+5}
   (You bought it in a shop on level 8 of the Dungeon)

   [amulet of reflection]

   Reflect:   It reflects blocked missile attacks.
   Dex+3:     It affects your dexterity (+3).
   Slay+3:    It affects your accuracy & damage with ranged weapons and melee
   (+3).
   rF-:       It makes you vulnerable to fire.
   rPois:     It protects you from poison.
   rN++:      It greatly protects you from negative energy.
   SH+5:      It affects your SH (+5).
Talismans
 b - a beast talisman (active)
 c - a flux talisman
 g - a granite talisman
 q - a dragon-blood talisman
Wands
 l - a wand of roots (21)
 v - a wand of quicksilver (10)
 x - a wand of flame (17)
 B - a wand of mindburst (8)
Scrolls
 o - 2 scrolls of fear
 r - 2 scrolls of amnesia
 t - a scroll of teleportation
 E - a scroll of revelation {unknown}
 G - a scroll of noise {unknown}
 H - 3 scrolls of identify
Potions
 a - 2 potions of lignification
 e - a potion of mutation {unknown}
 f - 3 potions of haste {unknown}
 h - 2 potions of might
 i - a potion of curing
 k - 2 potions of berserk rage {unknown}
 p - 2 potions of ambrosia {unknown}
 s - a potion of magic {unknown}
 z - 2 potions of attraction
 A - a potion of enlightenment {unknown}


   Skills:
 + Level 5.7 Fighting
 * Level 8.0 Dodging
 + Level 7.7 Stealth
 * Level 8.4 Unarmed Combat
 + Level 5.7 Evocations
 * Level 7.7 Shapeshifting


You had 10 spell levels left.
You didn't know any spells.
Your spell library contained the following spells:

 Spells                   Type           Power      Damage    Failure   Level
 Sting                    Conj/Alch      0%         1d3       16%         1
 Mercury Vapours          Alch/Air       0%         N/A       24%         2
 Summon Ice Beast         Ice/Summ       0%         N/A       43%         3
 Volatile Blastmotes      Fire/Tloc      0%         2d10      43%         3
 Fulminant Prism          Conj/Alch      0%         3d5       83%         4
 Iskenderun's Mystic Bla Conj/Tloc 0%             2d3        (+2d1     83%         4
 Olgreb's Toxic Radiance  Alch           0%         N/A       83%         4
 Summon Mana Viper        Hex/Summ       0%         N/A       99%         5
 Conjure Ball Lightning   Conj/Air       0%         3x3d6     100%        6
 Monstrous Menagerie      Summ           0%         N/A       100%        7
 Discord                  Hex            0%         N/A       100%        8
 Disjunction              Tloc           0%         N/A       100%        8


Dungeon Overview and Level Annotations

Branches:
Dungeon (9/15)             Temple (1/1) D:5            Lair (0/5) D:9
    Orc: D:9-12

Altars:
Ashenzari
Cheibriados
Dithmenos
Elyvilon
Fedhas
Gozag
Hepliaklqana
Kikubaaqudgha
Makhleb
Nemelex Xobeh
Okawaru
Qazlal
Ru
Sif Muna
Trog
Uskayaw
Vehumet
Wu Jian
Xom
Yredelemnul
Zin
The Shining One

Shops:
D:8 =


Innate Abilities, Weirdness & Mutations

You are a hulking beast.
Your limbs bulge with bestial killing power. (Slay +4)
You cannot wear most types of armour.
You are amphibious.
You can wear up to eight rings at the same time.
Your skin changes colour to match your surroundings (Stealth+).
Your rubbery body absorbs attacks. (AC +1, EV +1)
((You are camouflaged when in or above water. (Stealth+)))
You have tentacles for arms and can constrict up to eight enemies at once.


Message History

You see here a +0 dire flail.
A steam dragon is nearby!
The steam dragon bites you but does no damage.
The steam dragon closely misses you.
You barely miss the steam dragon. The steam dragon closely misses you.
The steam dragon misses you.
You bludgeon the steam dragon!
The steam dragon is moderately wounded.
You bludgeon the steam dragon!
The steam dragon is severely wounded.
The steam dragon breathes steam at you. The ball of steam misses you.
You closely miss the steam dragon.
The steam dragon is severely wounded.
You are engulfed in a cloud of scalding steam.
The steam dragon bites you! The steam dragon completely misses you.
You bludgeon the steam dragon!
You kill the steam dragon!
You are engulfed in a cloud of scalding steam.
You now have 524 gold pieces (gained 15).
You start resting.
HP restored.
u - 17 poisoned darts (gained 1)
u - 18 poisoned darts (gained 1)
u - 19 poisoned darts (gained 1)
u - 21 poisoned darts (gained 2)
u - 22 poisoned darts (gained 1)
H - 3 scrolls of identify A wyvern is nearby!
The wyvern hisses angrily.
The wyvern completely misses you.
You barely miss the wyvern. You tentacle-slap the wyvern.
The wyvern is moderately wounded.
The wyvern bites you!
The centaur warrior wields a +0 orcbow.
The centaur warrior shoots an arrow.
The arrow hits you! The wyvern bites you!
You tentacle-slap the wyvern. You squeeze the wyvern!
The wyvern is heavily wounded.
The centaur warrior shoots an arrow.
The arrow hits you!!
You die...
Your body crumbles into a pile of gold.

####...........#..........
#.....##...#...........#..
#.....####.#..)........#..
#.......##.#...........+..
#.......##...####.#.####..
#.................#.....##
#...##.##...#.###.#.....#
###. ##..#....###.......#
#. #...hk...$##.......##
#. ##..#.#..###.......##
#...#..###..#.......
#.#._.##............
..###.#.#..)......... ....
###...###.####...
....#.......####.# #...
...c #...........####...
#### ...................


You could see a centaur warrior and a wyvern.

Vanquished Creatures
  2 two-headed ogres (D:9)
  A skeletal warrior (D:9)
  Joseph (D:8)
  5 yaks (D:8)
  3 steam dragons (D:9)
  2 water moccasins
  3 orc warriors
  A black bear (D:6)
  An ogre (D:6)
  3 centaurs
  2 phantoms (D:5)
  2 kobold brigands
  3 bullfrogs
  2 gnoll sergeants
  2 scorpions (D:5)
  8 wights
  3 killer bees
  4 howler monkeys
  9 orc priests
  4 hounds
  2 gnoll boudas
  2 sleepcaps
  3 iguanas
  8 orc wizards
  24 gnolls
  11 adders
  A shadow imp (D:8)
  A white imp (D:7)
  2 ufetubi (D:6)
  3 dart slugs
  43 orcs
  7 endoplasms
  5 giant cockroaches
  8 hobgoblins
  11 jackals
  4 quokkas
  3 ball pythons
  11 bats
  7 frilled lizards
  6 goblins
  22 kobolds
  5 rats
250 creatures vanquished.

Notes
Turn   | Place    | Note
-------+----------+-------------------------------------------
     0 | D:1      | timneilson the Octopode Shapeshifter began the quest for
                  | the Orb.
     0 | D:1      | Reached XP level 1. HP: 13/13 MP: 1/1
   124 | D:1      | Identified a scroll of acquirement
   124 | D:1      | Acquired the ring "Feirph" {rN+ rCorr Str+6}
   226 | D:1      | Reached XP level 2. HP: 18/18 MP: 2/2
   670 | D:2      | Reached skill level 1 in Stealth
   696 | D:2      | Reached XP level 3. HP: 17/23 MP: 3/3
  1200 | D:2      | Reached XP level 4. HP: 27/29 MP: 4/4
  1687 | D:3      | Found a radiant altar of Vehumet.
  2082 | D:3      | Found a faded altar of an unknown god.
  2113 | D:3      | Reached XP level 5. HP: 34/34 MP: 5/5
  2519 | D:4      | Acquired the ring of the Yeti {rC+ Int+4 Dex+6}
  2848 | D:4      | Reached skill level 1 in Evocations
  3231 | D:3      | Reached XP level 6. HP: 18/39 MP: 6/6
  3536 | D:5      | Entered Level 5 of the Dungeon
  3549 | D:5      | Found a staircase to the Ecumenical Temple.
  3557 | Temple   | Entered the Ecumenical Temple
  3576 | Temple   | Became a worshipper of Gozag Ym Sagoz the Greedy
  3829 | D:5      | Reached XP level 7. HP: 28/45 MP: 7/7
  4108 | D:5      | HP: 2/45 [hound (6)]
  4504 | D:5      | Reached skill level 5 in Unarmed Combat
  4670 | D:6      | Reached XP level 8. HP: 28/52 MP: 8/8
  4949 | D:6      | Reached skill level 5 in Shapeshifting
  5649 | D:7      | Reached skill level 5 in Dodging
  6092 | D:7      | Found a shimmering blue altar of Sif Muna.
  6114 | D:7      | Found an iron altar of Okawaru.
  6181 | D:7      | Reached skill level 5 in Stealth
  6187 | D:7      | Reached XP level 9. HP: 23/58 MP: 9/9
  6457 | D:7      | Found a broken altar of Ashenzari.
  7011 | D:8      | Found a stormy altar of Qazlal.
  7011 | D:8      | Found a bloodstained altar of Trog.
  7011 | D:8      | Found an ornate altar of the Wu Jian Council.
  7302 | D:8      | Noticed Joseph
  7408 | D:8      | Killed Joseph
  7645 | D:8      | Found Idowidgh's Jewellery Emporium.
  7652 | D:8      | Bought the amulet of Ephemeral Luck {Reflect rPois rF- rN++
                  | Dex+3 Slay+3 SH+5} for 826 gold pieces
  7711 | D:8      | Reached XP level 10. HP: 51/65 MP: 10/10
  8056 | D:8      | Identified the +5 long sword of Fear {distort, rC+}
  8382 | D:9      | Reached skill level 5 in Fighting
  8581 | D:9      | Found a glowing silver altar of Zin.
  8581 | D:9      | Noticed a two-headed ogre
  8581 | D:9      | Noticed a centaur warrior
  8758 | D:9      | Found a staircase to the Lair.
  8806 | D:9      | Reached skill level 5 in Evocations
  9091 | D:9      | Noticed a two-headed ogre
  9100 | D:9      | Killed a two-headed ogre
  9128 | D:9      | Noticed a skeletal warrior
  9146 | D:9      | Killed a two-headed ogre
  9398 | D:9      | Killed a skeletal warrior
  9399 | D:9      | Reached XP level 11. HP: 31/72 MP: 11/11
  9673 | D:9      | Shot with an arrow by a centaur warrior

Illustrated notes

Levels and vault maps discovered:
D:1:      lightli_arrival_windingriver, layout_loops_ring
D:2:      layout_basic, dk_noncrumbling_3
D:3:      layout_loops_corners, mainiacjoe_overflow_boulevard,
          shapermc_ecumenical_altar_gd, minmay_misc_feat_alley, st_stairs_8
D:4:      layout_gridville, lemuel_flame_loot_1
D:5:      layout_basic, minmay_temple_entry_stoned_glass
D:6:      layout_basic, grunt_decor_mini_mirrors
D:7:      layout_loops_cross, mainiacjoe_overflow_six_doors_small,
          lemuel_round_altar, lemuel_blue_sif_altar
D:8:      layout_cave_pools, gammafunk_temple_overflow_claw, serial_shops, shop,
          hangedman_abyss_or_decor_passed, fungi_pond_lemuel, uniq_joseph
D:9:      layout_basic, dpeg_oklobed_lair, minmay_ruined_shrine
Temple:   nicolae_temple_superstar

Skill      XL: |  1  2  3  4  5  6  7  8  9 10 |
---------------+-------------------------------+-----
Stealth        | 1 2 3 5 6 7 |  7.7
Dodging        | 3 4 5 6 8 |  8.0
Fighting       | 2 3 4 5 |  5.7
Evocations     | 1 2 3 4 5 |  5.7
Unarmed Combat | 4 5 6 7 8 |  8.4
Shapeshifting  | 4 5 6 7 |  7.7

Action                     |  1- 3 |  4- 6 |  7- 9 | 10-12 || total
---------------------------+-------+-------+-------+-------++-------
  Melee: Unarmed           |    62 |   106 |   223 |   115 ||   506
         Constrict         |    16 |    37 |    67 |    21 ||   141
         Tentacles         |    13 |    22 |    73 |    27 ||   135
         Punch             |     1 |     2 |    15 |     9 ||    27
  Throw: Dart              |       |       |     4 |    12 ||    16
    Use: Scroll            |     3 |     6 |     7 |     1 ||    17
         Potion            |       |       |     4 |     1 ||     5
   Stab: Sleeping          |    11 |    13 |     5 |     5 ||    34
         Distracted        |       |     1 |       |     3 ||     4
 Armour: Skin              |    24 |    34 |    94 |    41 ||   193
  Dodge: Dodged            |    27 |    62 |   131 |    50 ||   270
  Block: Other             |       |       |     1 |    10 ||    11

Table legend: (Time is in decaauts)
 A = Elapsed time spent in this place.
 B = Non-inter-level travel time spent in this place.
 C = Inter-level travel time spent in this place.
 D = Time resting spent in this place.
 E = Time spent auto-exploring this place.
 F = Levels seen in this place.
 G = Mean time per level.
                   A        B        C        D        E       F      G
               +--------+--------+--------+--------+--------+-----+--------+
         Total |   9634 |   9335 |    299 |   1595 |   4920 |  10 |  963.4 |
       Dungeon |   9595 |   9314 |    281 |   1595 |   4920 |   9 | 1066.1 |
        Temple |     38 |     20 |     18 |      0 |      0 |   1 |   38.0 |
               +--------+--------+--------+--------+--------+-----+--------+

Top non-repeatable levels by time:
     D:8: 1388 daAuts
     D:9: 1316 daAuts
     D:6: 1239 daAuts
     D:7: 1123 daAuts
     D:4: 1055 daAuts
     D:3: 1032 daAuts
     D:2: 915 daAuts
     D:5: 878 daAuts
     D:1: 646 daAuts
  Temple: 38 daAuts
